 Dungeon Crawl Stone Soup version 0.19-a0-1468-ge013c26 (webtiles) character file.

9694 inmateoo the Carver (level 11, -8/95 HPs)
             Began as a Pale Draconian Fighter on Sept 7, 2016.
             Was an Elder of Okawaru.
             Engulfed by an ice statue's freezing vapour (24 damage)
             ... on level 10 of the Dungeon.
             The game lasted 00:18:46 (12308 turns).

inmateoo the Carver (Pale Draconian Fighter)       Turns: 12308, Time: 00:18:46

Health: -8/95      AC: 10    Str: 18    XL:     11   Next: 26%
Magic:  9/11       EV: 30    Int:  9    God:    Okawaru [****..]
Gold:   655        SH: 13    Dex: 16    Spells: 0 memorised, 10 levels left

rFire  . . .     SeeInvis +     I - +0 scimitar (flame)
rCold  . . .     Gourm    .     (armour unavailable)
rNeg   . . .     Faith    .     b - +0 shield
rPois  .         Spirit   .     (helmet restricted)
rElec  .         Dismiss  .     a - +1 cloak
rCorr  .         Reflect  .     U - +0 pair of gloves
MR     .....     Harm     .     (no boots)
Stlth  +++.......               C - amulet of magic regeneration
                                A - +5 ring of evasion
                                E - ring "Lugrul" {EV+5 Dex+2 SInv}

@: heroism, flying
A: breathe steam, unfitting armour, mutation resistance 1, cold-blooded, AC +7
a: Breathe Steam, Heroism, Renounce Religion


You were on level 10 of the Dungeon.
You worshipped Okawaru.
Okawaru was greatly pleased with you.
You were not hungry.

You visited 2 branches of the dungeon, and saw 11 of its levels.
You also visited: Ossuary.

You collected 655 gold pieces.

Inventory:

Hand Weapons
 I - a +0 scimitar of flaming (weapon)
Missiles
 i - 7 javelins (quivered)
Armour
 a - a +1 cloak (worn)
 b - a +0 shield (worn)
 x - a +2 buckler
 U - a +0 pair of gloves (worn)
Jewellery
 j - an uncursed ring of poison resistance
 o - an uncursed ring of protection from cold
 u - an uncursed ring of see invisible
 v - an uncursed ring of fire
 A - a +5 ring of evasion (right hand)
 C - an amulet of magic regeneration (around neck)
 E - the ring "Lugrul" (left hand) {EV+5 Dex+2 SInv}
   (You found it on level 7 of the Dungeon)

   [ring of evasion]

   It affects your evasion (+5).
   It affects your dexterity (+2).
   It lets you see invisible.
 H - a cursed +3 ring of protection {unknown}
 K - a +4 ring of strength {unknown}
 M - an uncursed ring of protection from fire {unknown}
 S - a +3 ring of evasion
Wands
 n - a wand of polymorph (14/24)
 y - a wand of teleportation (3/9)
 F - a wand of lightning (8/15)
 N - a wand of digging (21/24)
 P - a wand of lightning (3/15)
 Q - a wand of disintegration (5/24)
Scrolls
 e - 6 scrolls of remove curse
 k - 3 scrolls of recharging
 m - 5 scrolls of amnesia
 q - 2 scrolls of teleportation
 s - a scroll of fear
 D - 2 scrolls of enchant armour
Potions
 c - 2 potions of berserk rage
 g - 3 potions of cure mutation
 h - 11 potions of curing
 l - a potion of flight
 r - a potion of lignification
 t - 4 potions of heal wounds {unknown}
 w - 2 potions of haste
 z - 2 potions of brilliance
 B - a potion of ambrosia {unknown}
 T - a potion of resistance {unknown}
Books
 G - a book of the Tempests

   Spells                             Type                      Level
   a - Static Discharge               Conjuration/Air              3
   b - Lightning Bolt                 Conjuration/Air              5
   c - Fireball                       Conjuration/Fire             5
   d - Tornado                        Air                          9
   e - Shatter                        Earth                        9
 O - a book of Annihilations

   Spells                             Type                      Level
   a - Poison Arrow                   Conjuration/Poison           6
   b - Chain Lightning                Conjuration/Air              8
   c - Lehudib's Crystal Spear        Conjuration/Earth            8
   d - Glaciate                       Conjuration/Ice              9
   e - Fire Storm                     Conjuration/Fire             9
Comestibles
 d - 13 bread rations
 f - 9 meat rations
 p - 4 beef jerkies
 J - 3 fruits


   Skills:
 + Level 8.4(13.4) Fighting
 * Level 12.1(17.1) Long Blades
 + Level 4.4(9.4) Throwing
 + Level 6.7(11.7) Dodging
 + Level 7.5(12.5) Shields


You had 10 spell levels left.
You didn't know any spells.

Dungeon Overview and Level Annotations

Branches:
Dungeon (10/15)            Temple (1/1) D:6            Lair (0/6) D:8
    Orc (0/2) D:9

Altars:
Ashenzari
Cheibriados
Dithmenos
Elyvilon
Fedhas
Gozag
Hepliaklqana
Kikubaaqudgha
Makhleb
Nemelex Xobeh
Okawaru
Qazlal
Ru
Sif Muna
Trog
Uskayaw
Vehumet
Xom
Yredelemnul
Zin
The Shining One

Shops:
D:6 }   D:7 :

Annotations:
D:6 exclusion: oklob plant
D:10 exclusion: ice statue


Innate Abilities, Weirdness & Mutations

You can breathe blasts of scalding, opaque steam.
Your pale cyan-grey scales are hard. (AC +7)
Your body does not fit into most forms of armour.
You are cold-blooded and may be slowed by cold attacks.
You are somewhat resistant to further mutation.


Message History

The ice statue is severely damaged.
Unknown command.
You hit the ice statue but do no damage.
The ice statue is severely damaged.
The ice statue gestures at you. The bolt of cold hits you!
* * * LOW HITPOINT WARNING * * *
The ice beast closely misses you.
You riposte.
You hit the ice beast.
You melt the ice beast.
The ice beast is lightly wounded.
You hit the ice statue.
You melt the ice statue.
You tail-slap the ice statue, but do no damage.
The ice statue is severely damaged.
You are engulfed in freezing vapours.
* * * LOW HITPOINT WARNING * * *
You have got your breath back.
The ice statue gestures at you. The freezing blast misses you.
The ice beast misses you.
You feel better.
You are engulfed in freezing vapours.
You die...

#.# #.##### #..# #.#
#.# #.# #..# #.# ..#
#.# #..# #.. ### #.#
#..# ### # ### #..#
##### ###############
#..# ....#
[....≈≈≈....[⌠###..####
###.#
$...)≈Y≈......#...(...#
# #.#
$....≈8@.....)(.#..##>#
# #.#
=....≈≈≈.....(..#..##.#
# #.#
)....≈≈≈.....⌠#.#.....#
#.#
###############.#.##..#
###.# ### ###
######.#.##..# ....#
#.# #.###......>.....#
##### #.#
##.##.##.######.## #)#
##.#.#.#######.### #
#.# ##.....(..##.....


You could see an ice statue and an ice beast.

Vanquished Creatures
  Erica (D:8)
  Pikel (D:9)
  2 deep elf magi (D:9)
  The ghost of stickyfingers the Cleaver, a novice HOMo of Elyvilon (D:4)
  A gargoyle (D:9)
  A merfolk (D:9)
  A troll (D:9)
  Grinder (D:5)
  A boulder beetle (D:8)
  2 wraiths
  Eustachio (D:6)
  4 yaks (D:10)
  2 hungry ghosts
  2 vampire mosquitoes (D:10)
  Edmund (D:6)
  A soldier ant (D:10)
  3 water moccasins
  2 hell hounds (D:8)
  6 orc warriors
  5 ice beasts
  A sky beast (D:8)
  A slave (D:9)
  A black bear (D:10)
  5 centaurs
  4 ogres
  A big kobold (D:10)
  Blork the orc (D:5)
  6 giant frogs
  2 scorpions
  5 wights (D:10)
  2 electric eels
  A howler monkey (D:7)
  5 crimson imps
  3 giant frog zombies
  A centaur zombie (D:8)
  A giant frog skeleton (D:7)
  3 hounds
  7 orc wizards
  A wasp zombie (D:8)
  A gnoll shaman (D:10)
  6 orc priests
  Crazy Yiuf (D:5)
  3 iguanas
  4 worker ants
  A mummy (Ossuary)
  8 adders
  7 gnolls
  A shadow imp (D:5)
  An ooze (D:2)
  An adder zombie (D:6)
  An adder skeleton (D:4)
  3 worms
  A dart slug (D:1)
  4 giant geckos
  29 orcs
  6 giant cockroaches
  10 goblins
  5 hobgoblins
  4 jackals
  8 quokkas
  3 ball pythons
  11 bats
  10 giant newts
  4 gnoll skeletons (Ossuary)
  5 kobolds
  6 kobold skeletons (Ossuary)
  15 orc skeletons (Ossuary)
  A quokka zombie (D:8)
  11 rats
261 creatures vanquished.

Vanquished Creatures (others)
  3 slaves (D:9)
  A hound (D:9)
  An orc (D:9)
  A fungus (D:6)
  7 plants (D:9)
  12 toadstools (D:6)
25 creatures vanquished.

Grand Total: 286 creatures vanquished

Notes
Turn   | Place    | Note
-------+----------+-------------------------------------------
     0 | D:1      | inmateoo the Draconian Fighter began the quest for the Orb.
     0 | D:1      | Reached XP level 1. HP: 19/19 MP: 1/1
   125 | D:2      | Reached XP level 2. HP: 23/26 MP: 2/2
   334 | D:3      | Reached XP level 3. HP: 24/31 MP: 3/3
   423 | D:4      | Reached skill level 3 in Long Blades
   475 | D:4      | Found a sand-covered staircase.
   524 | Ossuary  | Entered an ossuary
   524 | Ossuary  | Noticed a wraith
   524 | Ossuary  | Noticed a wraith
   524 | Ossuary  | Noticed a wraith
   617 | Ossuary  | Reached XP level 4. HP: 39/40 MP: 4/4
   733 | Ossuary  | Noticed a wraith
   766 | Ossuary  | HP: 1/40 [wraith (9)]
   767 | Ossuary  | Killed a wraith
   767 | Ossuary  | Reached skill level 5 in Long Blades
   767 | Ossuary  | Reached XP level 5. HP: 1/46 MP: 5/5
  1077 | Ossuary  | Gained mutation: Potions and wands are less effective at restoring your health. [potion of mutation]
  1077 | Ossuary  | Gained mutation: Your body sometimes deteriorates upon taking damage. [potion of mutation]
  1077 | Ossuary  | Gained mutation: You are frail. (-10% HP) [potion of mutation]
  1078 | Ossuary  | Gained mutation: You are somewhat resistant to further mutation. [potion of mutation]
  1204 | D:4      | Noticed stickyfingers's ghost (novice HOMo)
  1224 | D:4      | Killed stickyfingers's ghost
  1224 | D:4      | Reached skill level 7 in Long Blades
  1224 | D:4      | Reached XP level 6. HP: 16/46 MP: 6/6
  1224 | D:4      | Your scales start taking on a pale cyan-grey colour.
  1224 | D:4      | Reached XP level 7. HP: 19/53 MP: 7/7
  2125 | D:5      | Entered Level 5 of the Dungeon
  2277 | D:5      | Found a radiant altar of Vehumet.
  2308 | D:5      | Noticed Blork the orc
  2319 | D:5      | Killed Blork the orc
  2319 | D:5      | Reached skill level 8 in Long Blades
  2863 | D:5      | Found a sacrificial altar of Ru.
  2989 | D:5      | Noticed Grinder
  3043 | D:6      | Reached XP level 8. HP: 53/60 MP: 8/8
  3171 | D:6      | Noticed Eustachio
  3211 | D:6      | Killed Eustachio
  3370 | D:6      | Reached skill level 9 in Long Blades
  3373 | D:6      | Reached skill level 5 in Fighting
  3487 | D:6      | Found Baun's Gadget Shoppe.
  3496 | D:6      | Found a staircase to the Ecumenical Temple.
  3521 | Temple   | Entered the Ecumenical Temple
  4171 | D:6      | Found a blossoming altar of Fedhas.
  4181 | D:6      | Noticed Edmund
  4201 | D:6      | Killed Edmund
  4212 | D:6      | Noticed an oklob plant
  4837 | D:5      | Killed Grinder
  4850 | D:5      | Found a shadowy altar of Dithmenos.
  4907 | D:5      | You fall through a shaft for 2 floors!
  4970 | D:7      | Reached XP level 9. HP: 67/67 MP: 9/9
  5002 | D:7      | Reached skill level 5 in Shields
  5139 | D:7      | Found Toiqos's Book Shop.
  5348 | D:7      | Reached skill level 5 in Dodging
  5382 | D:7      | Reached skill level 10 in Long Blades
  5554 | D:7      | Found a deep blue altar of Sif Muna.
  5717 | D:7      | Got a transparent silver ring
  5736 | D:7      | Found an iron altar of Okawaru.
  5842 | D:7      | Became a worshipper of Warmaster Okawaru
  6092 | D:8      | Gained mutation: Scrolls take you a little longer to read. [potion of mutation]
  6111 | D:8      | Noticed Erica
  6133 | D:8      | Killed Erica
  6133 | D:8      | Reached skill level 1 in Throwing
  6322 | D:5      | Found a runed door.
  6326 | D:5      | Noticed Crazy Yiuf
  6330 | D:5      | Killed Crazy Yiuf
  7042 | D:2      | Found a snail-covered altar of Cheibriados.
  7332 | D:2      | Identified the ring "Lugrul" {EV+5 Dex+2 SInv} (You found it on level 7 of the Dungeon)
  8277 | D:8      | Found a staircase to the Lair.
  8428 | D:8      | Gained mutation: You tend to lose your temper in combat. [mutagenic meat]
  8434 | D:8      | Lost mutation: You tend to lose your temper in combat. [mutagenic meat]
  8459 | D:8      | Reached * piety under Okawaru
  8907 | D:8      | Reached XP level 10. HP: 75/75 MP: 10/10
  8929 | D:8      | Found an ancient bone altar of Kikubaaqudgha.
  9471 | D:9      | Noticed Pikel
  9490 | D:9      | Killed Pikel
  9490 | D:9      | Reached skill level 11 in Long Blades
  9579 | D:9      | Noticed a deep elf mage
  9592 | D:9      | Killed a deep elf mage
  9592 | D:9      | Reached ** piety under Okawaru
  9818 | D:9      | Lost mutation: Potions and wands are less effective at restoring your health. [potion of cure mutation]
  9818 | D:9      | Lost mutation: You are frail. (-10% HP) [potion of cure mutation]
  9818 | D:9      | Lost mutation: Scrolls take you a little longer to read. [potion of cure mutation]
  9818 | D:9      | Lost mutation: Your body sometimes deteriorates upon taking damage. [potion of cure mutation]
  9819 | D:9      | Noticed a deep elf mage
  9821 | D:9      | Noticed a gargoyle
  9832 | D:9      | Killed a deep elf mage
  9843 | D:9      | Killed a gargoyle
  9849 | D:9      | Reached *** piety under Okawaru
  9973 | D:9      | Found a staircase to the Orcish Mines.
 10291 | D:9      | Found an opulent altar of Gozag.
 10806 | D:10     | Entered Level 10 of the Dungeon
 10900 | D:10     | Reached XP level 11. HP: 67/94 MP: 11/11
 11301 | D:10     | Reached skill level 12 in Long Blades
 11402 | D:10     | Reached **** piety under Okawaru
 12308 | D:10     | Engulfed by an ice statue's freezing vapour

Vault maps used:
D:1:      dpeg_arrival_water_altar
D:2:      overflow_temple_1_default, first_bread
D:4:      enter_ossuary_2, kennysheep_decorative_pillar,
          nicolae_underground_beach
D:5:      nicolae_ru_awakened_eye, grunt_dithmenos_smoke_and_mirrors,
          basic_altar, uniq_grinder, uniq_blork_the_orc, uniq_crazy_yiuf_cottage
D:6:      serial_shops, nicolae_shop_statue_plus, kennysheep_diamond,
          tgw_fedhas, uniq_eustachio, uniq_edmund
D:7:      grunt_temple_overflow_open, serial_shops, shop_fountains
D:8:      boulder_corridor_run, minmay_lair_entry_lava, basic_altar, uniq_erica
D:9:      lemuel_doored_altar, david_orc_4, serial_bayou, serial_bayou_lagoon_a,
          serial_bayou_pond_b, hangedman_fish_farm, uniq_pikel
D:10:     lemuel_ice_statue, eino_tiny_chamber, statue_in_the_mist_lemuel
Temple:   regret_index_temple_generic_petals
Ossuary:  ossuary_due_mausoleum

Skill      XL: |  1  2  3  4  5  6  7  8  9 10 11 |
---------------+----------------------------------+-----
Dodging        | 3 4 5 6 |  6.7
Long Blades    | 3 5 7 8 9 10 11 12 | 12.1
Fighting       | 4 5 6 7 8 |  8.4
Shields        | 4 6 7 |  7.5
Throwing       | 2 3 4 |  4.4

Action                   |  1- 3 |  4- 6 |  7- 9 | 10-12 || total
-------------------------+-------+-------+-------+-------++-------
Melee: Long sword        |   110 |    64 |   326 |       ||   500
       Tailslap          |    12 |     7 |    60 |    87 ||   166
       Scimitar          |       |       |   150 |   470 ||   620
Throw: Javelin           |       |     3 |     2 |       ||     5
Invok: Heroism           |       |       |       |     3 ||     3
 Abil: Breathe Steam     |       |       |    17 |     6 ||    23
Evoke: Wand              |       |       |       |     3 ||     3
  Use: Scroll            |       |     7 |     9 |     6 ||    22
       Potion            |       |     4 |     4 |     4 ||    12
 Stab: Sleeping          |     1 |       |     3 |     2 ||     6
       Invisible         |       |     3 |     3 |       ||     6
       Distracted        |       |       |     1 |       ||     1
  Eat: Chunk             |       |     1 |    31 |    13 ||    45
       Fruit             |       |       |     2 |       ||     2
       Pizza             |       |       |       |     2 ||     2
Armor: Skin              |    32 |     6 |    67 |    29 ||   134
Dodge: Dodged            |    45 |    17 |   167 |   181 ||   410
Block: Shield            |    53 |    22 |   193 |   152 ||   420
